 Dungeon Crawl Stone Soup version 0.31.0-12-g77e489cdc1 (webtiles) character file.

Game seed: 14783969642773300863

36 Doomgape the Shield-Bearer (level 3, 0/36 HPs)
             Began as a Troll Fighter on Feb 24, 2024.
             Succumbed to a kobold's poison
             ... on level 2 of the Dungeon.
             The game lasted 00:01:57 (685 turns).

Doomgape the Shield-Bearer (Troll Fighter)           Turns: 685, Time: 00:01:57

Health: 0/36       AC:  4    Str: 26    XL:     3   Next: 19%
Magic:  2/2        EV:  8    Int:  4    God:
Gold:   67         SH:  7    Dex:  9    Spells: 2/2 levels left

rFire   . . .        a - +0 flail
rCold   . . .        c - +0 kite shield
rNeg    . . .        b - +0 robe
rPois   .            (helmet restricted)
rElec   .            (no cloak)
rCorr   .            (gloves unavailable)
SInv    .            (boots unavailable)
Will    .....        (no amulet)
Stlth   +            (no ring)
HPRegen 1.06/turn    (no ring)
MPRegen 0.08/turn

%: no passive effects
@: brilliant, lethally poisoned (0 -> -6)
A: large, unfitting armour, claws 3, regeneration 1, shaggy fur 1, tough skin 1
a: no special abilities


You were on level 2 of the Dungeon.
You visited 1 branch of the dungeon, and saw 2 of its levels.

You collected 67 gold pieces.

Inventory:

Hand Weapons
 a - a +0 flail (weapon)
Armour
 b - a +0 robe (worn)
 c - a +0 kite shield (worn)
Scrolls
 e - a scroll of fog {unknown}
 f - 3 scrolls of identify {unknown}
 g - a scroll of noise {unknown}
 h - 4 scrolls of teleportation {unknown}
 n - a scroll of enchant armour {unknown}
Potions
 d - a potion of might
 j - a potion of cancellation {unknown}
 k - a potion of curing {unknown}
 l - a potion of resistance {unknown}
 m - a potion of berserk rage {unknown}


   Skills:
 + Level 2.9 Fighting
 + Level 2.3 Maces & Flails
 - Level 2.4 Dodging
 + Level 3.1 Shields


You had 2 spell levels left.
You didn't know any spells.
Your spell library contained the following spells:

 Spells                   Type           Power      Damage    Failure   Level
 Kiss of Death            Conj/Necr      0%         2d5       75%         1
 Confusing Touch          Hex            0%         N/A       98%         3
 Dispel Undead            Necr           0%         3d6       100%        4


Dungeon Overview and Level Annotations

Branches:
Dungeon (2/15)

Altars:
Nemelex Xobeh


Innate Abilities, Weirdness & Mutations

You are too large for most types of armour.
You have claws for hands.
Your natural rate of healing is unusually fast.
You are covered in fur. (AC +1)
You have tough skin. (AC +1)


Message History

The kobold hits you with a +1 short sword of venom.
You are poisoned.
You barely miss the kobold.
You feel very sick. The kobold hits you but does no damage.
You are more poisoned.
The kobold closely misses you.
You hit the kobold.
The kobold is moderately wounded.
You feel very sick.
The kobold hits you with a +1 short sword of venom.
You are more poisoned.
You barely miss the kobold.
The kobold is moderately wounded.
You feel very sick.
The kobold hits you with a +1 short sword of venom.
You miss the kobold.
The kobold is moderately wounded.
You feel very sick. The kobold hits you but does no damage.
You are more poisoned.
The kobold hits you but does no damage.
You are more poisoned.
You barely miss the kobold.
The kobold is moderately wounded.
You feel extremely sick.
The kobold hits you with a +1 short sword of venom.
You are lethally poisoned!
You sock the kobold!
You kill the kobold!
* * * LOW HITPOINT WARNING * * *
You feel extremely sick.
Unknown command.
There is a lethal amount of poison in your body!
There is a lethal amount of poison in your body!
* * * LOW HITPOINT WARNING * * *
You feel very sick.
It was a potion of brilliance.
You feel clever all of a sudden.
You die...

..#.....# ....###... ...
... .......... ###......
......†... ........
.#.####...
#...#.#####..#.# ##...
..............##...#
#.).............#.# #..#
#.#.......# #@.#
#.........# ######.)##
..........# ..........##
..........# ########...#
##........
.######......##.#.........
........###.....#.........
#######.(##.#.............
#.....# ...###.........
#####.....#
##..##.........


There were no monsters in sight!

Vanquished Creatures
  2 dart slugs (D:1)
  An orc (D:2)
  An endoplasm (D:1)
  3 goblins (D:1)
  7 hobgoblins
  2 jackals (D:1)
  3 quokkas (D:1)
  A ball python (D:1)
  2 bats
  A frilled lizard (D:2)
  A kobold (D:2)
  3 rats
27 creatures vanquished.

Notes
Turn   | Place    | Note
-------+----------+-------------------------------------------
     0 | D:1      | Doomgape the Troll Fighter began the quest for the Orb.
     0 | D:1      | Reached XP level 1. HP: 22/22 MP: 0/0
    97 | D:1      | Reached XP level 2. HP: 29/29 MP: 1/1
   165 | D:1      | Reached skill level 3 in Shields
   405 | D:1      | Reached XP level 3. HP: 36/36 MP: 2/2
   658 | D:2      | Found a sparkling altar of Nemelex Xobeh.
   685 | D:2      | Succumbed to a kobold's poison

Illustrated notes

Levels and vault maps discovered:
D:1:      scummos_arrival_star, layout_loops_ring
D:2:      layout_rooms, basic_altar, serial_curves, eino_curves_01,
          eino_curves_04

Skill      XL: |  1  2 |
---------------+-------+-----
Maces & Flails | 2 |  2.3
Shields        | 3 |  3.1
Fighting       | |  2.9
Dodging        | |  2.4

Action                     || total
---------------------------++-------
  Melee: Flail             ||    76
    Use: Potion            ||     1
 Armour: Robe              ||    44
  Dodge: Dodged            ||    22
  Block: Kite shield       ||    34
